 Dungeon Crawl Stone Soup version 0.27-a0-1434-g6f15984924 (webtiles) character file.

Game seed: 11395243743888845137

53 quinnr the Digger (level 3, 0/28 HPs)
             Began as a Deep Elf Earth Elementalist on July 3, 2021.
             Slain by Sigmund (7 damage)
             ... on level 2 of the Dungeon.
             The game lasted 00:05:12 (2003 turns).

quinnr the Digger (Deep Elf Earth Elementalist)     Turns: 2003, Time: 00:05:13

Health: 0/28       AC: 21    Str:  5    XL:     3   Next: 62%
Magic:  1/10       EV:  2    Int: 20    God:
Gold:   37         SH:  0    Dex: 15    Spells: 6/10 levels left

rFire    . . .     SeeInvis .   g - +2 rapier (speed)
rCold    + . .     Faith    .   (no shield)
rNeg     + + +     Spirit   .   (armour currently unavailable)
rPois    +         Reflect  .   (helmet currently unavailable)
rElec    .         Harm     .   (cloak currently unavailable)
rCorr    .         Rampage  .   (gloves currently unavailable)
Will     .....     NoTele   +   (boots currently unavailable)
Stlth    ++........             (no amulet)
HPRegen  0.09/turn              h - ring of protection from cold
MPRegen  0.12/turn              (no ring)

@: tree-form, on berserk cooldown, very slightly contaminated, slowed,
invisible, very slow
A: stationary, stasis, torment immunity, boosted hp
a: no special abilities


You were on level 2 of the Dungeon.
You were a tree.
You visited 1 branch of the dungeon, and saw 2 of its levels.

You collected 37 gold pieces.

Inventory:

Hand Weapons
 d - a +2 dagger of speed
 e - a +2 dagger of draining
 g - a +2 rapier of speed (weapon)
Missiles
 c - 56 stones
Armour
 b - a +0 robe (melded)
Jewellery
 h - a ring of protection from cold (left branch)
Potions
 i - a potion of invisibility
 j - a potion of berserk rage


   Skills:
 - Level 2.4 Dodging
 - Level 2.4 Stealth
 + Level 4.0 Spellcasting
 - Level 1.1 Transmutations
 * Level 4.6 Earth Magic


You had 6 spell levels left.
You knew the following spells:

 Your Spells              Type           Power      Damage    Failure   Level
a - Sandblast             Erth           44%        2d11      1%          1
b - Stone Arrow           Conj/Erth      26%        3d8       16%         3

Your spell library contained the following spells:

 Spells                   Type           Power      Damage    Failure   Level
 Passwall                 Tmut/Erth      12%        N/A       6%          2
 Static Discharge         Conj/Air       4%         N/A       19%         2
 Ignite Poison            Fire/Tmut/Pois 5%         N/A       32%         3
 Conjure Flame            Conj/Fire      4%         6-21      36%         3
 Lesser Beckoning         Tloc           2%         N/A       36%         3
 Petrify                  Tmut/Erth      15%        N/A       36%         4
 Sticky Flame             Conj/Fire      4%         2d3       77%         4
 Alistair's Intoxication  Tmut/Pois      4%         N/A       96%         5
 Yara's Violent Unravell  Hex/Tmut       3%         3d4       96%         5
 Lightning Bolt           Conj/Air       2%         1d13      98%         5
 Storm Form               Tmut/Air       3%         N/A       100%        7
 Maxwell's Capacitive Co  Air            2%         ∞         100%        8


Dungeon Overview and Level Annotations

Branches:
Dungeon (2/15)

Altars:

Annotations:
D:2 Sigmund


Message History

Sigmund mumbles some strange words.
Sigmund flickers and vanishes!
Deactivating autopickup; reactivate with Ctrl-A.
Casting: Stone Arrow (quite dangerous; 16% risk of failure)
Confirm with . or Enter, or press ? or * to list all spells.
You don't know that spell.
Casting: Stone Arrow (quite dangerous; 16% risk of failure)
Confirm with . or Enter, or press ? or * to list all spells.
The spell is quite dangerous to cast (16% risk of failure)!
Continue anyway?
Aiming: Stone Arrow (quite dangerous; 16% risk of failure)
Press: ? - help, Shift-Dir - straight line The stone arrow hits something!
Something hits you but does no damage.
Unknown command.
Okay, then.
As you read the scroll labelled XIGOLYWESA, it crumbles to dust.
The creatures around you are filled with an inner flame!
It was a scroll of immolation.
Something hits you but does no damage.
You hear some strange, mumbled words.
A puff of flame appears from out of thin air!
The puff of flame hits you but does no damage.
Unknown command.
You hear some strange, mumbled words.
Something tries to affect you, but you resist.
Unknown command.
You hear some strange, mumbled words.
You are confused.
Something hits you but does no damage.
Unknown command.
Something hits you.
Unknown command.
You hear some strange, mumbled words.
Something tries to affect you, but you resist.
Something hits you.
* * * LOW HITPOINT WARNING * * *
Unknown command.
Something hits you but does no damage.
Unknown command.
You feel less confused. Something hits you!
You die...

... ....#
........#...#.###. ....
....# ###...#.........#..
... .....
...................
...####..#.............##
........................
..##......................
.........{..##.#######.#
#............#### #..
#####.#..♣#.........#####.
..................).......
..#########..)##.##.#..###
#...##.##.....##
#####..######.# #### ###


There were no monsters in sight!

Vanquished Creatures
  2 adders (D:1)
  3 ball pythons (D:1)
  A bat (D:1)
  2 endoplasms
  A giant cockroach (D:1)
  4 hobgoblins
  5 jackals (D:1)
  3 frilled lizards
  6 goblins
  3 kobolds
  3 rats (D:1)
33 creatures vanquished.

Notes
Turn   | Place    | Note
-------+----------+-------------------------------------------
     0 | D:1      | quinnr the Deep Elf Earth Elementalist began the quest for
                  | the Orb.
     0 | D:1      | Reached XP level 1. HP: 10/10 MP: 6/6
   196 | D:1      | Reached XP level 2. HP: 15/15 MP: 6/8
  1034 | D:2      | Noticed Sigmund
  1045 | D:1      | Reached XP level 3. HP: 15/19 MP: 8/10
  1740 | D:1      | Learned a level 3 spell: Stone Arrow
  1783 | D:2      | Found a faded altar of an unknown god.
  1900 | D:2      | Got the Guide on the Mutagenic Voyage
  2003 | D:2      | Slain by Sigmund

Illustrated notes

Levels and vault maps discovered:
D:1:      psy_arrival_whirlpool, layout_loops_cross,
          chequers_serial_rivers_large_a, minmay_tetromino_s2
D:2:      layout_rooms, shapermc_ecumenical_altar_starsandcircs, uniq_sigmund

Skill      XL: |  1  2  3 |
---------------+----------+-----
Earth Magic    | 4 |  4.6
Spellcasting   | 4 |  4.0
Dodging        | |  2.4
Stealth        | |  2.4
Transmutations | |  1.1

Action                   || total
-------------------------++-------
Melee: Unarmed           ||     1
       Dagger            ||     1
 Cast: Sandblast         ||    46
       Stone Arrow       ||     3
  Use: Potion            ||     4
       Scroll            ||     1
Armor: Robe              ||     1
       Skin              ||    14
Dodge: Dodged            ||    11

Table legend: (Time is in decaauts)
 A = Elapsed time spent in this place.
 B = Non-inter-level travel time spent in this place.
 C = Inter-level travel time spent in this place.
 D = Time resting spent in this place.
 E = Time spent auto-exploring this place.
 F = Levels seen in this place.
 G = Mean time per level.
                   A        B        C        D        E       F      G
               +--------+--------+--------+--------+--------+-----+--------+
         Total |   2023 |   1934 |     89 |    572 |   1080 |   2 | 1011.5 |
       Dungeon |   2023 |   1934 |     89 |    572 |   1080 |   2 | 1011.5 |
               +--------+--------+--------+--------+--------+-----+--------+

Top non-repeatable levels by time:
     D:1: 1728 daAuts
     D:2: 294 daAuts
